 Dungeon Crawl Stone Soup version 0.17.1-2-g5865329 (webtiles) character file.

6 Glider the Stinger (level 1, 0/11 HPs)
             Began as an Octopode Venom Mage on Jan 26, 2016.
             Slain by a bat (1 damage)
             ... on level 1 of the Dungeon.
             The game lasted 00:02:07 (573 turns).

Glider the Stinger (Octopode Venom Mage)             Turns: 573, Time: 00:02:07

Health: 0/11       AC:  1    Str:  7    XL:     1   Next: 90%
Magic:  0/3        EV: 12    Int: 17    God:
Gold:   61         SH:  0    Dex: 12    Spells: 1 memorised, 3 levels left

rFire  . . .     SeeInvis .     g - +0 whip
rCold  . . .     Clarity  .     (no shield)
rNeg   . . .     SustAt   .     (helmet restricted)
rPois  .         Gourm    .     (no amulet)
rElec  .         Spirit   .     (no ring)
rCorr  .         Warding  .     (no ring)
rMut   .         Stasis   .     (no ring)
MR     .....                    (no ring)
Stlth  +++.......               (no ring)
                                (no ring)
                                (no ring)
                                (no ring)

@: not resistant to hostile enchantments, fairly stealthy
A: almost no armour, amphibious, 8 rings, constrict 8, camouflage 1, gelatinous
body 1
a: no special abilities


You were on level 1 of the Dungeon.
You were not hungry.

You visited 1 branch of the dungeon, and saw 1 of its levels.

You collected 61 gold pieces.

Inventory:

Hand Weapons
 g - a +0 whip (weapon)
Scrolls
 c - a scroll of random uselessness {unknown}
 d - a scroll of teleportation {unknown}
 f - a scroll of identify {unknown}
 i - a scroll of remove curse {unknown}
 j - a scroll of noise {unknown}
Potions
 e - 2 potions of curing {unknown}
Books
 a - a Young Poisoner's Handbook

   Spells                             Type                      Level
   a - Sting                          Conjuration/Poison           1
   b - Cure Poison                    Poison                       2
   c - Mephitic Cloud                 Conjuration/Poison/Air       3
   d - Olgreb's Toxic Radiance        Poison                       4
   e - Venom Bolt                     Conjuration/Poison           5
Comestibles
 b - a bread ration
 h - a meat ration
 k - 4 chunks of flesh
 l - a beef jerky


   Skills:
 - Level 2.0 Dodging
 * Level 2.9 Stealth
 - Level 2.0 Spellcasting
 * Level 0.6 Conjurations
 - Level 5.0 Poison Magic


You had 3 spell levels left.
You knew the following spells:

 Your Spells              Type           Power        Failure   Level  Hunger
a - Sting                 Conj/Pois      ##..         10%         1    #......


Dungeon Overview and Level Annotations

Branches:
Dungeon (1/15)

Altars:


Innate Abilities, Weirdness & Mutations

You cannot wear most types of armour.
You are amphibious.
You can wear up to eight rings at the same time.
You can use your tentacles to constrict eight enemies at once.
Your skin changes colour to match your surroundings (Stealth).
Your rubbery body absorbs attacks (AC +1).


Message History

The sting misses the bat.
The bat closely misses you.
You are too injured to fight recklessly!
The bat closely misses you. The bat hits you but does no damage.
The bat barely misses you.
You barely miss the bat. Your grab misses the bat. The bat hits you.
* * * LOW HITPOINT WARNING * * *
The bat closely misses you.
You closely miss the bat. Your grab misses the bat. The bat barely misses you.
You barely miss the bat. Your grab misses the bat. The bat hits you.
* * * LOW HITPOINT WARNING * * *
The bat hits you but does no damage.
Casting: Sting
Confirm with . or Enter, or press ? or * to list all spells.
Aiming: Sting
Press: ? - help, Shift-Dir - straight line, f/p - bat
Aim: a bat The sting misses the bat.
The bat barely misses you. The bat hits you.
You die...

##.#............##
#.#####..###....#
#.# ##..#####.##
#.####
##....##..#####
#....#
####..........
#########.#
####..#####
#.........# #..[##
..........#####
#....###
#.......(b@...#
##......
#####...#.###..#
#.......
..........# ...
##......
.......(..###
#.......##
............#
..##......
?........[..# #
######.
.....?.........#
#..##.
.............###
##..##.
...........#...#
#....#.


You could see a bat.

Vanquished Creatures
  2 goblins (D:1)
  2 hobgoblins (D:1)
  A kobold (D:1)
  A rat (D:1)
6 creatures vanquished.

Notes
Turn   | Place    | Note
--------------------------------------------------------------
     0 | D:1      | Glider the Octopode Venom Mage began the quest for the Orb.
     0 | D:1      | Reached XP level 1. HP: 11/11 MP: 3/3
    43 | D:1      | Reached skill level 5 in Poison Magic
   573 | D:1      | Slain by a bat

Action                   || total
-------------------------++-------
Melee: Whip              ||    12
       Unarmed           ||     5
 Cast: Sting             ||     6
 Stab: Sleeping          ||     1
